 Dungeon Crawl Stone Soup version 0.32-a0-128-g77eb882913 (webtiles) character file.

Game seed: 7761997784735339841

140755 juan097 the Warrior (level 17, -3/196 (205) HPs)
             Began as an Oni Warper on Feb 7, 2024.
             Was a Priest of Ashenzari.
             Slain by a tarantella (13 damage)
             ... led by a torpor snail
             ... on level 2 of the Spider Nest.
             The game lasted 01:37:58 (38973 turns).

juan097 the Warrior (Oni Warper)                   Turns: 38973, Time: 01:37:59

HP:   -3/196 (205)  AC: 12    Str: 23 (25) XL:     17   Next: 31%
MP:   20/31         EV: 12    Int: 16 (17) God:    Ashenzari [***...]
Gold: 1299          SH:  5    Dex:  8      Spells: 24/36 levels left

rFire   + . .        a - +1 giant spiked club (protect)
rCold   . . .        (shield currently unavailable)
rNeg    . . .        x - +0 steam dragon scales "Share My Portent" {Elem, Bglg} (curse)
rPois   +            m - +2 hat {Int+3}
rElec   +            y - +2 cloak of the Prescient Ordeal {rPois, Cun, Self} (curse)
rCorr   +            (gloves unavailable)
SInv    +            (boots unavailable)
Will    +....        G - amulet of Ashenzari's Omen {Reflect ^Drain ^Fragile rElec rCorr SH+5, Bglg, Self} (curse)
Stlth   +++          W - ring of protection from fire
HPRegen 0.52/turn    v - ring of the Fated Vision {Slay+4, =R, Self, Melee} (curse)
MPRegen 0.22/turn

%: reflection, clarity
@: slowed, studying 2 skills, lightly drained, very slow
A: large, unfitting armour, horns 1, tough skin 1, double potion healing,
drunken brawling
a: Renounce Religion, Curse Item, Shatter the Chains


You were on level 2 of the Spider Nest.
You worshipped Ashenzari.
Ashenzari was most pleased with you.
You visited 5 branches of the dungeon, and saw 25 of its levels.
You also visited: Bailey and Gauntlet.

You collected 2311 gold pieces.
You spent 1012 gold pieces at shops.

Inventory:

Hand Weapons
 a - a +1 giant spiked club of protection (weapon)
Missiles
 d - 3 darts of dispersal
 l - 6 datura-tipped darts
 J - 7 javelins
 M - 30 large rocks
 N - 25 poisoned darts (quivered)
 Q - 6 curare-tipped darts
 R - 6 throwing nets
 V - 22 boomerangs
Armour
 m - a +2 hat of intelligence (worn)
 x - the cursed +0 steam dragon scales "Share My Portent" (worn) {Elem, Bglg}
   (You found it on level 8 of the Dungeon)

   It has a curse which improves the following skills: Elements: Fire Magic, Ice
   Magic, Air Magic and Earth Magic.
   Beguiling: Hexes and Translocations.
 y - the cursed +2 cloak of the Prescient Ordeal (worn) {rPois, Cun, Self}
   (You took it off Crazy Yiuf on level 2 of the Dungeon)

   It has a curse which improves the following skills: Cunning: Dodging and
   Stealth.
   Introspection: Fighting and Spellcasting.
 C - the +3 fire dragon scales "Lumo" {rF++ rC- Dex+2 SInv}
   (You took it off a minotaur in a Gauntlet)

   Dex+2:     It affects your dexterity (+2).
   rF++:      It greatly protects you from fire.
   rC-:       It makes you vulnerable to cold.
   SInv:      It lets you see invisible.
Jewellery
 s - a +6 ring of intelligence
 v - the cursed ring of the Fated Vision (right hand) {Slay+4, =R, Self, Melee}
   (You found it on level 3 of the Dungeon)

   [ring of slaying]

   Slay+4:    It affects your accuracy & damage with ranged weapons and melee
   (+4).
   It has a curse which improves the following skills: Introspection: Fighting
   and Spellcasting.
   Melee Combat: Short Blades, Long Blades, Axes, Maces & Flails, Polearms,
   Staves and Unarmed Combat.
 A - a ring of magical power
 F - a ring of positive energy
 G - the cursed amulet of Ashenzari's Omen (around neck) {Reflect ^Drain ^Fragile rElec rCorr SH+5, Bglg, Self}
   (You bought it in a shop on level 1 of the Orcish Mines)

   [amulet of reflection]

   Reflect:   It reflects blocked missile attacks.
   rElec:     It insulates you from electricity.
   rCorr:     It protects you from acid and corrosion.
   ^Drain:    It drains your maximum health when unequipped.
   ^Fragile:  It will be destroyed if unequipped.
   SH+5:      It affects your SH (+5).
   It has a curse which improves the following skills: Beguiling: Hexes and
   Translocations.
   Introspection: Fighting and Spellcasting.
 W - a ring of protection from fire (left hand)
Talismans
 U - a serpent talisman
Wands
 b - a wand of polymorph (7)
 i - a wand of digging (5)
 n - a wand of flame (21)
 H - a wand of iceblast (5)
 T - a wand of charming (9)
Scrolls
 c - 3 scrolls of blinking
 e - 11 scrolls of teleportation
 j - 4 scrolls of fear
 t - 4 scrolls of summoning
 w - 5 scrolls of vulnerability
 I - 4 scrolls of fog
 O - a scroll of immolation
 S - 5 scrolls of enchant weapon
 Z - 2 scrolls of revelation
Potions
 f - 5 potions of enlightenment
 g - 10 potions of curing
 h - 8 potions of heal wounds
 k - 5 potions of might
 o - 5 potions of magic
 q - 3 potions of attraction
 r - 8 potions of cancellation
 z - 2 potions of ambrosia
 B - 7 potions of resistance
 D - 4 potions of haste
 E - 3 potions of invisibility
 K - 2 potions of berserk rage
 L - a potion of brilliance


   Skills:
 - Level 18.2(21.0) Fighting
 + Level 17.5(18.8) Maces & Flails
 - Level 10.0 Throwing
 - Level 5.0 Armour
 - Level 8.8(10.3) Dodging
 - Level 6.4(8.0) Stealth
 - Level 7.0(10.0) Spellcasting
 - Level 9.0(11.2) Translocations
 - Level 3.9(5.2) Air Magic
 - Level 10.0 Evocations


You had 24 spell levels left.
You knew the following spells:

 Your Spells              Type           Power      Damage    Failure   Level
a - Blink                 Tloc           88%        N/A       1%          2
b - Lesser Beckoning      Tloc           88%        N/A       1%          2
c - Manifold Assault      Tloc           44%        N/A       1%          4
d - Vhi's Electric Charg  Tloc/Air       68%        N/A       3%          4

Your spell library contained the following spells:

 Spells                   Type           Power      Damage    Failure   Level
 Momentum Strike          Conj/Tloc      52%        3d9       1%          2
 Teleport Other           Tloc           44%        N/A       1%          3
 Cigotuvi's Dreadful Rot  Necr/Alch/Air  26%        N/A       7%          2
 Freeze                   Ice            32%        1d5       9%          1
 Kiss of Death            Conj/Necr      32%        2d7       9%          1
 Necrotise                Necr           32%        1d5       9%          1
 Sandblast                Erth           16%        2d6       9%          1
 Dimensional Bullseye     Hex/Tloc       13%        N/A       9%          4
 Jinxbite                 Hex            16%        N/A       12%         2
 Confusing Touch          Hex            8%         N/A       24%         3
 Frozen Ramparts          Ice            16%        1d3       26%         3
 Fugue of the Fallen      Necr           8%         N/A       26%         3
 Hailstorm                Conj/Ice       8%         3d5       26%         3
 Inner Flame              Hex/Fire       8%         N/A       26%         3
 Ozocubu's Armour         Ice            8%         N/A       26%         3
 Passwall                 Erth           8%         N/A       26%         3
 Stone Arrow              Conj/Erth      16%        3d8       26%         3
 Summon Ice Beast         Ice/Summ       8%         N/A       26%         3
 Vampiric Draining        Necr           8%         2d6       26%         3
 Silence                  Hex/Air        8%         N/A       63%         5
 Brom's Barrelling Bould  Conj/Erth      8%         2d3       65%         4
 Dispel Undead            Necr           8%         3d8       65%         4
 Ignite Poison            Fire/Alch      8%         N/A       65%         4
 Martyr's Knell           Necr/Summ      8%         N/A       65%         4
 Sticky Flame             Fire/Alch      8%         2d4       65%         4
 Freezing Cloud           Conj/Ice/Air   6%         6-21      77%         5
 Curse of Agony           Necr           8%         N/A       94%         5
 Yara's Violent Unravell  Hex/Alch       4%         3d4       94%         5
 Sculpt Simulacrum        Ice/Alch       4%         N/A       100%        6
 Enfeeble                 Hex            4%         N/A       100%        7
 Ignition                 Fire           4%         3d4       100%        8


Dungeon Overview and Level Annotations

Branches:
Dungeon (15/15)            Temple (1/1) D:4            Lair (5/5) D:10
 Shoals (0/4) Lair:3       Spider (2/4) Lair:2        Slime (0/5) Lair:5
    Orc (2/2) D:9             Elf (0/3) Orc:2        Vaults (0/5) D:14
 Depths (0/4) D:15         Bailey (visited)         Gauntlet (visited)

Altars:
Ashenzari
Cheibriados
Dithmenos
Elyvilon
Fedhas
Gozag
Hepliaklqana
Kikubaaqudgha
Makhleb
Nemelex Xobeh
Okawaru
Qazlal
Ru
Sif Muna
Trog
Uskayaw
Vehumet
Wu Jian
Xom
Yredelemnul
Zin
The Shining One
Lugonu

Shops:
D:9 *:   Orc:1 =   Orc:2 (==[

Portals:
Abyss: Lair:5

Annotations:
D:8 3 runed translucent doors, jamsaran's ghost, novice DgFE
D:13 Rupert
Orc:2 2 transporters, knightboat's ghost, journeyman DsGl


Innate Abilities, Weirdness & Mutations

You are too large for most types of armour.
You have a pair of small horns on your head.
You have tough skin. (AC +1)
You gain doubled healing and magic from potions.
Whenever you drink a healing potion, you attack all around you.


Message History

The culicivora draws strength from your injuries!
The tarantella barely misses you. The wolf spider misses you.
The wolf spider bites you.
The tarantella attacks as it pursues you!
The tarantella touches you!
You are afflicted by dizzying energies!
You feel momentarily confused.
Being near the torpor snail leaves you feeling lethargic.
The culicivora is poisoned.
The culicivora bites you!
The culicivora draws strength from your injuries!
The wolf spider is engulfed in poison gas.
The wolf spider looks even sicker.
You feel yourself speed up.
The culicivora is engulfed in poison gas.
The culicivora looks even sicker.
You block the wolf spider's attack.
The wolf spider bites you but does no damage.
The tarantella is engulfed in poison gas.
The tarantella is poisoned.
The culicivora is engulfed in poison gas.
The culicivora looks even sicker.
The culicivora bites you but does no damage.
The wolf spider hits you!
The wolf spider bites you but does no damage.
The tarantella is engulfed in poison gas.
The tarantella looks even sicker.
The culicivora is engulfed in poison gas.
The culicivora looks as sick as possible!
The pharaoh ant bites you!!
* * * LOW HITPOINT WARNING * * *
You feel drained.
* * * LOW HITPOINT WARNING * * *
The tarantella is engulfed in poison gas.
The tarantella looks even sicker.
Being near the torpor snail leaves you feeling lethargic.
The pharaoh ant bites you!!
* * * LOW HITPOINT WARNING * * *
The tarantella is engulfed in poison gas.
The tarantella looks as sick as possible!
The tarantella attacks as it pursues you!
The tarantella touches you!
You die...

### ######.####
##..#....#.############
##.#.........#....##...#
####....☼§§§§§.§§§....##..#
###^.#....#§§§§§.§§§..§....##
#....#....§§§§§§.§§#.§§...#.#
..........☼§§§§§@§§.§§§....##
#.........☼§§☼§§Bs.§§§§....##
#......#..§§§☼§sss§§☼§§.....#####
#..^...#........#§§☼§§§^#.......#
.......#..§§☼§..§§§☼§§§........##
....^..#..§§#w#.§§§§§§§..........
.......#.#.....§☼§☼§§§#.........#
..^....#..†...#§§§§§§☼§....#^..<†
.......#..§...☼☼§☼§§§§§......^...


You could see a torpor snail, a wolf spider (very poisoned), a culicivora
(extremely poisoned), a pharaoh ant and 2 tarantellas.

Vanquished Creatures
  Gastronok (Lair:1)
  A ghost moth (Spider:2)
  An emperor scorpion (Spider:1)
  A minotaur (Gauntlet)
  A dire elephant (Lair:5)
  An entropy weaver (shapeshifter) (Lair:5)
  Harold (Lair:1)
  3 entropy weavers
  A vault guard (D:14)
  A rakshasa (D:15)
  2 jorogumos (Spider:1)
  6 hydras
  2 catoblepae
  Erica (Orc:1)
  6 ogre magi
  7 centaur warriors
  25 two-headed ogres
  2 tengu warriors (D:14)
  5 boulder beetles
  An orc high priest (Orc:1)
  2 demonic crawlers (Spider:2)
  An occultist (D:15)
  6 death yaks
  2 thrashing horrors (Lair:5)
  Nergalle (D:10)
  5 skysharks
  2 pharaoh ants (Spider:1)
  A glowing orange brain (D:14)
  An orb spider (Lair:2)
  Lodul (D:11)
  An arcanist (D:14)
  2 necromancers
  3 orc knights
  6 deep elf pyromancers
  7 wolf spiders
  3 steelbarb worms (Spider:1)
  3 orc sorcerers
  4 deep elf zephyrmancers (Orc:1)
  19 ugly things
  7 cyclopes
  A manticore (D:14)
  A moth of wrath (Spider:1)
  Maurice (D:11)
  5 elephants (Lair:2)
  6 kobold blastminers
  4 black mambas
  A torpor snail (Spider:2)
  2 smoke demons
  Jeremiah (D:9)
  A water nymph (Lair:3)
  12 cane toads
  4 gargoyles
  4 centaur skeletons (D:15)
  A large abomination (Lair:5)
  A rime drake (Lair:5)
  3 efreet
  Maggie (D:10)
  Psyche (D:10)
  10 komodo dragons
  2 tengu conjurers (D:15)
  A red devil (Gauntlet)
  A wolf spider simulacrum (D:15)
  5 polar bears
  6 trolls
  A raiju (Lair:5)
  6 tarantellas
  12 hornets (Spider:1)
  22 blink frogs
  13 culicivoras
  10 jumping spiders
  A jumping spider (shapeshifter) (D:13)
  2 spriggans (Lair:5)
  2 ynoxinuls (Lair:5)
  5 slime creatures
  6 shadows
  65 yaks
  2 wyverns
  2 fire elementals (Gauntlet)
  7 basilisks
  A golden eye (shapeshifter) (D:13)
  2 steam dragons
  2 wraiths (D:11)
  22 redbacks
  Grum (D:8)
  3 wargs
  A chaos spawn (Lair:5)
  Menkaure (D:6)
  11 small abominations (Lair:5)
  An acid dragon (D:9)
  14 water moccasins
  2 ice beasts
  4 black bears
  A hell hound (Gauntlet)
  2 laughing skulls (D:15)
  16 orc warriors
  39 ogres
  19 centaurs
  7 wolves
  A phantom (D:5)
  20 bullfrogs
  3 kobold brigands
  A gnoll sergeant (D:10)
  3 scorpions (D:5)
  10 wights
  6 killer bees (D:9)
  A howler monkey (D:12)
  3 bombardier beetles
  3 crimson imps (Gauntlet)
  2 sleepcaps
  9 jellies
  A gnoll bouda (D:8)
  4 hounds
  15 orc priests
  Crazy Yiuf (D:2)
  4 iguanas
  Terence (D:3)
  21 orc wizards
  Robin (D:2)
  15 gnolls
  9 adders
  A shadow imp (D:7)
  2 white imps (D:8)
  2 ufetubi (D:6)
  A dart slug (D:4)
  5 ribbon worms
  76 orcs
  5 ball pythons
  A bat (D:1)
  11 endoplasms
  5 giant cockroaches
  11 goblins
  8 hobgoblins
  2 jackals (D:4)
  11 kobolds
  3 quokkas
  5 frilled lizards
  5 rats
814 creatures vanquished.

Vanquished Creatures (collateral kills)
  An orc knight (Bailey)
  A gnoll (Bailey)
  2 orcs (Bailey)
4 creatures vanquished.

Vanquished Creatures (others)
  A troll (Orc:1)
  A gnoll (Bailey)
2 creatures vanquished.

Grand Total: 820 creatures vanquished

Notes
Turn   | Place    | Note
-------+----------+-------------------------------------------
     0 | D:1      | juan097 the Oni Warper began the quest for the Orb.
     0 | D:1      | Reached XP level 1. HP: 22/22 MP: 3/3
   139 | D:1      | Reached skill level 3 in Fighting
   140 | D:1      | Reached XP level 2. HP: 15/31 MP: 5/5
   398 | D:1      | Found a faded altar of an unknown god.
   918 | D:1      | Reached XP level 3. HP: 37/37 MP: 6/6
  1048 | D:2      | Noticed Robin
  1063 | D:2      | Killed Robin
  1497 | D:2      | Reached XP level 4. HP: 46/48 MP: 7/7
  1747 | D:2      | Found a runed translucent door.
  1748 | D:2      | Noticed Crazy Yiuf
  2257 | D:3      | Reached skill level 4 in Fighting
  2286 | D:3      | Noticed Terence
  2869 | D:4      | Noticed an ogre
  2869 | D:4      | Noticed an ogre
  2998 | D:4      | Noticed an ogre
  3007 | D:4      | Reached XP level 5. HP: 54/55 MP: 8/8
  3019 | D:4      | Killed an ogre
  3020 | D:4      | Reached skill level 5 in Fighting
  3020 | D:4      | Reached skill level 5 in Maces & Flails
  3153 | D:4      | Identified the +1 pair of gloves of the Yeti {Dex+4}
  3168 | D:4      | Reached XP level 6. HP: 66/66 MP: 9/9
  3460 | D:3      | Killed Terence
  3782 | D:4      | Reached XP level 7. HP: 74/74 MP: 10/10
  3815 | D:4      | You fall into a shaft and drop 1 floor!
  3815 | D:5      | Entered Level 5 of the Dungeon
  3884 | D:5      | Reached skill level 6 in Fighting
  3941 | D:6      | Noticed Menkaure
  3948 | D:6      | Killed Menkaure
  3955 | D:6      | Reached skill level 7 in Fighting
  3967 | D:6      | Reached XP level 8. HP: 62/87 MP: 11/11
  4435 | D:6      | Found a shimmering blue altar of Sif Muna.
  4437 | D:6      | Found a bloodstained altar of Trog.
  4463 | D:6      | Found an iron altar of Okawaru.
  4652 | D:5      | Reached skill level 8 in Fighting
  4655 | D:5      | Learned a level 2 spell: Blink
  4658 | D:5      | Learned a level 2 spell: Lesser Beckoning
  4971 | D:2      | Killed Crazy Yiuf
  5334 | D:4      | Found a staircase to the Ecumenical Temple.
  5343 | Temple   | Found a transporter.
  5343 | Temple   | Found a transporter.
  5343 | Temple   | Found a transporter.
  5343 | Temple   | Found a transporter.
  5343 | Temple   | Entered the Ecumenical Temple
  5359 | Temple   | Became a worshipper of Ashenzari the Shackled
  5949 | D:5      | Reached XP level 9. HP: 96/97 MP: 13/13
  6430 | D:5      | Reached skill level 9 in Fighting
  6828 | D:7      | Found a flagged portal.
  6844 | Bailey   | Entered a bailey
  7135 | Bailey   | Noticed an orc knight
  7159 | Bailey   | Killed an orc knight
  7457 | D:7      | Found a shadowy altar of Dithmenos.
  7523 | D:7      | Reached * piety under Ashenzari
  7790 | D:7      | Reached skill level 1 in Stealth
  7901 | D:7      | Found a burning altar of Makhleb.
  8054 | D:8      | Found a runed translucent gate.
  8060 | D:8      | Found a runed translucent gate.
  8060 | D:8      | Found a runed translucent gate.
  8097 | D:8      | Reached XP level 10. HP: 92/111 MP: 15/15
  8164 | D:8      | Learned a level 4 spell: Manifold Assault
  8349 | D:8      | Noticed Grum
  8373 | D:8      | Killed Grum
  8570 | D:8      | Reached skill level 10 in Maces & Flails
  8734 | D:8      | Noticed jamsaran's ghost (novice DgFE)
  8734 | D:8      | Identified the ring "Aleipn" {Fire rN+}
  8794 | D:8      | Reached skill level 5 in Translocations
  9177 | D:8      | Reached skill level 10 in Fighting
  9728 | D:9      | Noticed a cyclops
  9761 | D:9      | Killed a cyclops
  9887 | D:9      | Found a staircase to the Orcish Mines.
 10203 | D:9      | Reached XP level 11. HP: 104/120 MP: 4/17
 10497 | D:9      | Reached skill level 11 in Fighting
 10617 | D:9      | Found Odeat's Demolitions Depot.
 11252 | D:9      | Found Xeohyeskuq's Book Emporium.
 11288 | D:9      | Noticed Jeremiah
 11519 | D:9      | Killed Jeremiah
 12073 | D:9      | Bought a scroll of immolation for 60 gold pieces
 12115 | D:10     | Entered Level 10 of the Dungeon
 12305 | D:10     | Noticed a two-headed ogre
 12310 | D:10     | Killed a two-headed ogre
 12421 | D:10     | Found a staircase to the Lair.
 12723 | D:10     | Noticed Nergalle
 12732 | D:10     | Killed Nergalle
 12824 | D:10     | Reached skill level 12 in Fighting
 13078 | D:10     | Noticed Psyche
 13080 | D:10     | Killed Psyche
 13198 | D:10     | Noticed Maggie
 13237 | D:10     | Killed Maggie
 13746 | Lair:1   | Entered Level 1 of the Lair of Beasts
 13781 | Lair:1   | Noticed Gastronok
 13836 | Lair:1   | Killed Gastronok
 14093 | Lair:1   | Reached XP level 12. HP: 133/133 MP: 13/18
 14170 | Lair:1   | Noticed Harold
 14180 | Lair:1   | Killed Harold
 14315 | Lair:1   | Reached skill level 1 in Armour
 15605 | Lair:2   | Reached skill level 5 in Throwing
 15639 | Lair:2   | Reached skill level 5 in Dodging
 15798 | Lair:2   | Reached ** piety under Ashenzari
 15878 | Lair:2   | Found a hole to the Spider Nest.
 15892 | Lair:2   | Reached skill level 13 in Fighting
 16137 | Lair:2   | Noticed a skyshark
 16145 | Lair:2   | Killed a skyshark
 16146 | Lair:2   | Reached skill level 1 in Evocations
 16398 | Lair:2   | Learned a level 4 spell: Vhi's Electric Charge
 16632 | Lair:3   | Noticed a catoblepas
 16642 | Lair:3   | Killed a catoblepas
 16643 | Lair:3   | Reached XP level 13. HP: 123/149 MP: 3/22
 16644 | Lair:3   | Reached skill level 1 in Air Magic
 17418 | Lair:3   | Identified the +0 spear of Meke {flame, Dex+6}
 18721 | Lair:4   | Found the +9 sword of Zonguldrok {reap}
 18912 | Lair:4   | Reached skill level 14 in Fighting
 19454 | Lair:5   | Entered Level 5 of the Lair of Beasts
 19456 | Lair:5   | Noticed a dire elephant
 19788 | Lair:5   | Reached skill level 5 in Evocations
 20127 | Lair:5   | Found a staircase to the Slime Pits.
 20164 | Lair:5   | Reached skill level 5 in Armour
 20546 | Lair:5   | Reached XP level 14. HP: 130/162 MP: 2/23
 21141 | Lair:5   | Reached skill level 15 in Fighting
 21304 | Lair:5   | Killed a dire elephant
 22891 | Lair:5   | Reached skill level 16 in Fighting
 23350 | Lair:5   | Found the +8 Wrath of Trog {antimagic, *Rage Rampage}
 23351 | Lair:5   | Identified the storm talisman of Hedging {rF+ rC- Dex+5}
 23352 | Lair:5   | Found a corrupted altar of Lugonu.
 23352 | Lair:5   | Found a one-way gate to the infinite horrors of the Abyss.
 24096 | Orc:1    | Entered Level 1 of the Orcish Mines
 24702 | Orc:1    | Found Ilesh's Jewellery Shop.
 24923 | Orc:1    | Reached skill level 15 in Maces & Flails
 24924 | Orc:1    | Noticed Erica
 25309 | Orc:1    | Killed Erica
 25821 | Orc:1    | Reached XP level 15. HP: 176/176 MP: 4/24
 26058 | Orc:2    | Entered Level 2 of the Orcish Mines
 26770 | Orc:2    | Reached skill level 17 in Fighting
 27168 | Orc:2    | Found Wise's Jewellery Emporium.
 27168 | Orc:2    | Found Zecen's Antique Armour Shop.
 27169 | Orc:2    | Found Faumezacs's Antique Weapon Boutique.
 27169 | Orc:2    | Found Poephypp's Jewellery Emporium.
 27273 | Orc:2    | Found a staircase to the Elven Halls.
 28028 | Orc:2    | Found a transporter.
 28042 | Orc:2    | Found a transporter.
 28162 | Orc:2    | Noticed knightboat's ghost (journeyman DsGl)
 28764 | Orc:1    | Bought the amulet "Lahaav" {Reflect ^Drain ^Fragile rElec
                  | rCorr SH+5} for 652 gold pieces
 28801 | Orc:2    | Bought an ancient robe for 182 gold pieces
 28801 | Orc:2    | Identified the +1 robe of Okawaru's Envy {Regen+ Stlth+
                  | Archmagi} (You bought it in a shop on level 2 of the Orcish
                  | Mines)
 28804 | Orc:2    | Bought a glowing robe for 118 gold pieces
 29326 | D:11     | Noticed Lodul
 29332 | D:11     | Killed Lodul
 29842 | D:11     | Noticed Maurice
 29858 | D:11     | Killed Maurice
 30968 | D:13     | Reached skill level 5 in Spellcasting
 31301 | D:13     | Noticed Rupert
 32042 | D:14     | Found a blossoming altar of Fedhas.
 32204 | D:14     | Reached XP level 16. HP: 189/189 MP: 17/26
 33246 | D:14     | Found a gate to the Vaults.
 33412 | D:15     | Entered Level 15 of the Dungeon
 33434 | D:15     | Found a shadowy altar of Dithmenos.
 33474 | D:15     | Found a gate leading to a gauntlet.
 33492 | Gauntlet | Entered a Gauntlet
 33492 | Gauntlet | Found a transporter.
 33560 | Gauntlet | Identified the Elucidation of Ensorcelling
 33562 | Gauntlet | Found a transporter.
 33562 | Gauntlet | Found a transporter.
 33563 | Gauntlet | Found a transporter.
 33570 | Gauntlet | Found a runed translucent door.
 33573 | Gauntlet | Found a transporter.
 33574 | Gauntlet | Found a transporter.
 33575 | Gauntlet | Found a transporter.
 33587 | Gauntlet | Found a transporter.
 33588 | Gauntlet | Found a transporter.
 33588 | Gauntlet | Found a transporter.
 33596 | Gauntlet | Found a transporter.
 33599 | Gauntlet | Found a transporter.
 33600 | Gauntlet | Found a transporter.
 33608 | Gauntlet | Found a transporter.
 33612 | Gauntlet | Identified the +1 cloak of Divine Intervention {Int+3}
 33968 | Gauntlet | Reached skill level 18 in Fighting
 34198 | Gauntlet | Identified the +1 plate armour of Moral Flaws {Str+3 Int+3
                  | Dex+2}
 34198 | Gauntlet | Identified the +0 cloak of the Trombone {Int+3 Dex+2}
 34198 | Gauntlet | Identified the +1 ring mail "Zusmu" {-Tele rC+ rN+++ Will-}
 34198 | Gauntlet | Identified the +6 flail "Qycweq" {holy, +Blink rF+}
 34198 | Gauntlet | Identified the +3 fire dragon scales "Lumo" {rF++ rC- Dex+2
                  | SInv}
 34533 | D:15     | Reached *** piety under Ashenzari
 34600 | D:15     | Identified the +0 falchion "Fouk" {flame, Str+4 Dex-4 SInv}
 34902 | D:14     | Reached skill level 10 in Evocations
 35580 | D:15     | Found a staircase to the Depths.
 35922 | Spider:1 | Entered Level 1 of the Spider Nest
 35992 | Spider:1 | Reached skill level 5 in Stealth
 36394 | Spider:1 | Reached skill level 10 in Throwing
 36946 | Spider:1 | Reached XP level 17. HP: 142/204 MP: 2/30
 38123 | Spider:1 | Paralysed by a hornet for 1 turns
 38297 | Spider:2 | Identified the +6 long sword "Anobly" {elec, Fly rF+ rN+
                  | Int-3}
 38973 | Spider:2 | Slain by a tarantella

Illustrated notes

Levels and vault maps discovered:
D:1:      evilmike_arrival_hilbert_curve, layout_loops_ring,
          shapermc_ecumenical_altar_pompeii
D:2:      layout_basic, uniq_robin, uniq_crazy_yiuf_cottage
D:3:      layout_basic, minmay_misc_feat_encased, kennysheep_generic_room_16,
          uniq_terence
D:4:      layout_loops_ring, minmay_temple_entry_poolview,
          kennysheep_generic_room_2
D:5:      layout_loops_corners
D:6:      layout_cave_pools, hellmonk_overflow_destroyed_library,
          okawaru_metal_pillars_1_2, uniq_menkaure
D:7:      layout_rooms, mainiacjoe_overflow_catwalk, lightli_temple_of_fire,
          enter_bailey_2, serial_curves, eino_curves_03, eino_curves_01
D:8:      layout_loops_corners, gammafunk_ghost_icy, uniq_grum
D:9:      layout_basic, erik_orc_3, serial_shops, shop,
          minmay_misc_feat_four_crosses, minmay_holes, corexii_corridor_pit,
          nicolae_blasting_shop, uniq_jeremiah
D:10:     layout_basic, lair_entry_dummy, serial_park_tiny_2, uniq_psyche,
          uniq_maggie, uniq_nergalle
D:11:     layout_loops_ring, serial_rivers, chequers_serial_rivers_micro_e,
          chequers_serial_rivers_micro_b, chequers_serial_rivers_micro_c,
          chequers_serial_rivers_micro_e, uniq_lodul, uniq_maurice
D:12:     layout_loops_cross
D:13:     layout_small_grid, uniq_rupert
D:14:     layout_long_grid, hellmonk_vaults_order_and_chaos, st_stairs_11,
          fedhas_altar_1
D:15:     grunt_enter_depths_magical_seal, layout_basic, gauntlet_entry_generic,
          grunt_dithmenos_shadows
Temple:   hellmonk_temple_divided_pantheon
Lair:1:   layout_layer_cave, infiniplex_staircase_pool_2, grunt_megastairs_2,
          uniq_gastronok, uniq_harold
Lair:2:   layout_regular_city, nicolae_spider_entry_orb_guardian
Lair:3:   layout_hall_layers, nicolae_shoals_entry_flooding
Lair:4:   layout_regular_city, beast_lair_carwin_2
Lair:5:   hellmonk_lair_end_abyssal_woods, layout_regular_city,
          nicolae_slime_entry_slimehenge, grunt_megastairs_4
Spider:1: nicolae_spider_hilbert_zone_5 [nicolae_spider_hilbert_3_sides_1_open,
          nicolae_spider_hilbert_4_sides_1_open,
          nicolae_spider_hilbert_4_sides_1_open,
          nicolae_spider_hilbert_6_sides_1_open,
          nicolae_spider_hilbert_6_sides_1_open], hive_lemuel
Spider:2: layout_spider_delve, hellmonk_narrow_tunnel
Orc:1:    layout_diamond_mine, minmay_shop_enchanted_jewellery,
          elves_outpost_lemuel, uniq_erica
Orc:2:    st_orc_ogre_mass, layout_caves, gammafunk_ghost_arena

Skill      XL: |  1  2  3  4  5  6  7  8  9 10 11 12 13 14 15 16 17 |
---------------+----------------------------------------------------+-----
Fighting       | 3 4 5 7 8 9 10 12 13 14 16 17 18 | 18.2
Maces & Flails | 3 4 5 6 7 8 9 10 12 13 15 16 17 | 17.5
Translocations | 3 4 6 8 9 |  9.0
Throwing       | 2 4 6 8 10 | 10.0
Spellcasting   | 3 4 5 6 7 |  7.0
Dodging        | 3 4 5 6 7 8 |  8.8
Stealth        | 1 4 6 |  6.4
Armour         | 3 5 |  5.0
Evocations     | 2 5 6 8 10 | 10.0
Air Magic      | 3 |  3.9

Action                     |  1- 3 |  4- 6 |  7- 9 | 10-12 | 13-15 | 16-18 || total
---------------------------+-------+-------+-------+-------+-------+-------++-------
  Melee: Mace              |    95 |    18 |       |       |       |       ||   113
         Headbutt          |    10 |    14 |    35 |    59 |    61 |    65 ||   244
         Punch             |     4 |     1 |       |       |       |       ||     5
         Flail             |       |    39 |       |       |       |       ||    39
         Giant club        |       |    40 |   214 |   181 |       |       ||   435
         Giant spiked club |       |       |       |   279 |  1000 |   580 ||  1859
   Fire: Shortbow          |       |       |    29 |       |       |       ||    29
         Orcbow            |       |       |       |     6 |     2 |       ||     8
  Throw: Boomerang         |       |     1 |     6 |    12 |       |       ||    19
         Dart              |       |     1 |     6 |     8 |     2 |    50 ||    67
         Large rock        |       |       |       |       |     6 |       ||     6
         Throwing net      |       |       |       |       |       |     1 ||     1
   Cast: Manifold Assault  |       |       |       |   115 |   450 |   165 ||   730
         Blink             |       |       |       |     1 |       |     1 ||     2
 Invoke: Curse Item        |       |       |     1 |     3 |       |     1 ||     5
         Shatter the Chain |       |       |       |     1 |       |       ||     1
  Evoke: Wand              |       |       |     3 |       |     3 |     1 ||     7
    Use: Potion            |       |       |     3 |     1 |       |     1 ||     5
         Scroll            |       |       |     2 |     5 |     2 |     4 ||    13
   Stab: Sleeping          |       |     2 |       |     2 |     2 |       ||     6
         Distracted        |       |       |     1 |     1 |     1 |       ||     3
         Petrifying        |       |       |       |     1 |       |       ||     1
         Held in net/web   |       |       |       |       |       |     1 ||     1
 Armour: Robe              |    43 |       |       |       |       |       ||    43
         Animal skin       |    23 |    52 |   198 |    25 |       |       ||   298
         Steam dragon scal |       |       |       |   229 |   385 |   296 ||   910
  Dodge: Dodged            |    41 |    41 |   109 |   168 |   225 |   189 ||   773
  Block: Other             |       |       |       |       |    10 |    55 ||    65
         Reflection        |       |       |       |       |     2 |     2 ||     4

Table legend: (Time is in decaauts)
 A = Elapsed time spent in this place.
 B = Non-inter-level travel time spent in this place.
 C = Inter-level travel time spent in this place.
 D = Time resting spent in this place.
 E = Time spent auto-exploring this place.
 F = Levels seen in this place.
 G = Mean time per level.
                   A        B        C        D        E       F      G
               +--------+--------+--------+--------+--------+-----+--------+
         Total |  39130 |  36982 |   2148 |   1781 |  29320 |  27 | 1449.3 |
       Dungeon |  19924 |  18695 |   1229 |   1411 |  14184 |  15 | 1328.3 |
        Temple |     40 |     33 |      7 |      0 |      0 |   1 |   40.0 |
          Lair |  10694 |  10258 |    436 |    121 |   8784 |   5 | 2138.8 |
   Spider Nest |   2719 |   2599 |    120 |      0 |   2204 |   2 | 1359.5 |
  Orcish Mines |   4404 |   4048 |    356 |    247 |   3209 |   2 | 2202.0 |
        Bailey |    570 |    570 |      0 |      0 |    392 |   1 |  570.0 |
      Gauntlet |    777 |    777 |      0 |      2 |    547 |   1 |  777.0 |
               +--------+--------+--------+--------+--------+-----+--------+

Top non-repeatable levels by time:
  Lair:5: 4126 daAuts
     D:9: 2811 daAuts
Spider:1: 2422 daAuts
   Orc:1: 2206 daAuts
   Orc:2: 2198 daAuts
  Lair:4: 1966 daAuts
  Lair:2: 1867 daAuts
    D:10: 1736 daAuts
     D:8: 1704 daAuts
    D:13: 1643 daAuts
  Lair:1: 1455 daAuts
     D:2: 1385 daAuts
    D:15: 1286 daAuts
  Lair:3: 1278 daAuts
     D:4: 1246 daAuts
